 Dungeon Crawl Stone Soup version 0.30-b1-2-g02819fbbbe (webtiles) character file.

Game seed: 8412547158549232262

192 raph the Grave Robber (level 6, -7/41 HPs)
             Began as a Human Necromancer on May 9, 2023.
             Mangled by an ogre
             ... wielding a +0 giant club
              (25 damage)
             ... on level 4 of the Dungeon.
             The game lasted 00:05:57 (2951 turns).

raph the Grave Robber (Human Necromancer)           Turns: 2951, Time: 00:05:58

Health: -7/41      AC:  6    Str:  8    XL:     6   Next: 2%
Magic:  1/9        EV: 11    Int: 17    God:
Gold:   59         SH:  0    Dex: 16    Spells: 5/10 levels left

rFire   + . .        h - +0 short sword (freeze)
rCold   + . .        (no shield)
rNeg    . . .        k - +3 leather armour "Saiklih" {rF+ rC+ Dex+2}
rPois   .            (no helmet)
rElec   .            (no cloak)
rCorr   .            (no gloves)
SInv    .            (no boots)
Will    .....        (no amulet)
Stlth   ++           (no ring)
HPRegen 0.26/turn    (no ring)
MPRegen 0.11/turn

%: no passive effects
@: very slightly contaminated, hasted, very quick
A: no striking features
a: no special abilities


You were on level 4 of the Dungeon.
You visited 1 branch of the dungeon, and saw 4 of its levels.

You collected 163 gold pieces.
You spent 104 gold pieces at shops.

Inventory:

Hand Weapons
 h - a +0 short sword of freezing (weapon)
Missiles
 o - 4 poisoned darts
Armour
 a - a +0 robe
 k - the +3 leather armour "Saiklih" (worn) {rF+ rC+ Dex+2}
   (You found it on level 3 of the Dungeon)

   Dex:       It affects your dexterity (+2).
   rF:        It protects you from fire.
   rC:        It protects you from cold.
Wands
 m - a wand of mindburst (9)
 q - a wand of iceblast (3)
Scrolls
 c - a scroll of magic mapping
 g - a scroll of teleportation
 j - a scroll of fog
 l - a scroll of immolation
Potions
 b - a potion of magic
 e - 3 potions of curing
 f - 2 potions of heal wounds
 i - a potion of flight
 n - a potion of mutation {unknown}
 p - a potion of lignification {unknown}


   Skills:
 - Level 2.0 Dodging
 - Level 2.0 Stealth
 + Level 2.6 Spellcasting
 + Level 1.6 Hexes
 * Level 6.1 Necromancy


You had 5 spell levels left.
You knew the following spells:

 Your Spells              Type           Power      Damage    Failure   Level
a - Necrotise             Necr           92%        1d8       2%          1
b - Vampiric Draining     Necr           23%        2d7       6%          3
c - Slow                  Hex            28%        N/A       14%         1

Your spell library contained the following spells:

 Spells                   Type           Power      Damage    Failure   Level
 Animate Dead             Necr           23%        N/A       22%         4
 Confusing Touch          Hex            7%         N/A       38%         3
 Agony                    Necr           23%        N/A       52%         5


Dungeon Overview and Level Annotations

Branches:
Dungeon (4/15)
 Temple: D:4-7

Altars:

Shops:
D:2 !   D:3 (


Message History

You kill the orc priest!
The dead are walking!
You have reached level 6!
Aiming: Necrotise (safe; 2% risk of failure)
Press: ? - help, Q - select action, (/) - cycle Shift-Dir - straight line, f - orc
Aim: an orc, wielding a +0 short sword (chance to affect: 91%)
The orc writhes in agony.
Aiming: Necrotise (safe; 2% risk of failure)
Press: ? - help, Q - select action, (/) - cycle Shift-Dir - straight line, f/p - orc
Aim: an orc, wielding a +0 short sword (lightly wounded, chance to affect: 91%)
You miscast Necrotise.
You are very lightly contaminated with residual magic.
Nothing appears to happen.
The orc barely misses you.
Aiming: Necrotise (safe; 2% risk of failure)
Press: ? - help, Q - select action, (/) - cycle Shift-Dir - straight line, f/p - orc
Aim: an orc, wielding a +0 short sword (lightly wounded, chance to affect: 91%)
You miscast Necrotise.
Nothing appears to happen.
Your orc priest skeleton hits the ogre.
The orc hits you but does no damage.
Aiming: Necrotise (safe; 2% risk of failure)
Press: ? - help, Q - select action, (/) - cycle Shift-Dir - straight line, f/p - orc
Aim: an orc, wielding a +0 short sword (lightly wounded, chance to affect: 91%)
The orc writhes in agony!
You kill the orc!
The dead are walking!
Your orc priest skeleton barely misses the ogre.
You hit the ogre. You freeze the ogre.
The ogre is moderately wounded.
The ogre hits you with a +0 giant club!
Aiming: Necrotise (safe; 2% risk of failure)
Press: ? - help, Q - select action, (/) - cycle Shift-Dir - straight line, f - ogre
Aim: an ogre, wielding a +0 giant club (moderately wounded, ally target, chance to affect: 81%)
The ogre writhes in agony.
Your orc priest skeleton hits the ogre.
The ogre attacks as you move away! The ogre barely misses you.
Okay, then.
You feel yourself speed up.
The ogre hits you with a +0 giant club!!
Ouch! That really hurt!
You die...

# #..# #.
#.....####). ## #.##
#.# ###......##...
.# #..##
#.###.............
.# ##).##
#.....#.........# .#
##.)#
##...####.......# .#
##Z## #..##
##......# .# ##)##
##...# ##...... .##
##Z####....# #....#.
..##### ##Z.O@.###.#
##...## ...#..###
##...## #.# ##...#
........## #.).# #..
##..# #....##..#
##...## ... ##..
#...####.####..#..##
.. ##. ....#
##.##.#####.# ##
#...# #....# ### #
##### #.#.## #.#.#


You could see an ogre (ally target), a friendly orc skeleton and a friendly orc
priest skeleton.

Vanquished Creatures
  2 orc priests
  A jelly (D:4)
  4 adders
  A dart slug (D:3)
  7 orcs
  4 ball pythons
  7 bats
  2 endoplasms
  3 giant cockroaches
  5 goblins
  2 hobgoblins (D:2)
  7 kobolds
  3 quokkas
  A frilled lizard (D:1)
  4 rats
53 creatures vanquished.

Vanquished Creatures (collateral kills)
  A worm (D:2)
  A goblin (D:3)
  A ball python (D:2)
  A bat (D:1)
  A frilled lizard (D:1)
5 creatures vanquished.

Grand Total: 58 creatures vanquished

Notes
Turn   | Place    | Note
-------+----------+-------------------------------------------
     0 | D:1      | raph the Human Necromancer began the quest for the Orb.
     0 | D:1      | Reached XP level 1. HP: 13/13 MP: 3/3
   141 | D:1      | Reached XP level 2. HP: 19/19 MP: 1/5
   617 | D:2      | Reached XP level 3. HP: 24/24 MP: 4/6
   677 | D:2      | Found Waajeo's Distillery.
   681 | D:2      | Bought a potion of curing for 39 gold pieces
   702 | D:2      | Learned a level 3 spell: Vampiric Draining
   741 | D:2      | Reached skill level 5 in Necromancy
  1141 | D:2      | Found a faded altar of an unknown god.
  1364 | D:3      | Reached XP level 4. HP: 30/30 MP: 3/7
  1457 | D:3      | Learned a level 1 spell: Slow
  1617 | D:2      | Bought a potion of heal wounds for 65 gold pieces
  1970 | D:3      | Identified the +3 leather armour "Saiklih" {rF+ rC+ Dex+2}
  1984 | D:3      | Found Vigiyrch's Antique Weapon Shoppe.
  2317 | D:3      | Reached XP level 5. HP: 19/35 MP: 0/8
  2634 | D:4      | Reached skill level 1 in Hexes
  2787 | D:4      | Reached skill level 6 in Necromancy
  2930 | D:4      | Noticed an ogre
  2941 | D:4      | Reached XP level 6. HP: 28/41 MP: 5/9
  2951 | D:4      | Mangled by an ogre

Illustrated notes

Levels and vault maps discovered:
D:1:      eino_arrival_tree_alley, layout_rooms
D:2:      layout_rooms, serial_shops, shop,
          shapermc_ecumenical_altar_mp_highgroup
D:3:      layout_loops_ring, serial_shops, shop
D:4:      layout_layer_cave, mainiacjoe_overflow_tiny_flanked,
          uniq_crazy_yiuf_cottage

Skill      XL: |  1  2  3  4  5 |
---------------+----------------+-----
Necromancy     | 5 6 |  6.1
Hexes          | 1 |  1.6
Dodging        | |  2.0
Stealth        | |  2.0
Spellcasting   | |  2.6

Action                     |  1- 3 |  4- 6 || total
---------------------------+-------+-------++-------
  Melee: Unarmed           |     2 |       ||     2
         Short sword       |     5 |     8 ||    13
   Cast: Necrotise         |    43 |    50 ||    93
         Vampiric Draining |     1 |     4 ||     5
    Use: Scroll            |    10 |     2 ||    12
         Potion            |       |     1 ||     1
 Armour: Robe              |     2 |     4 ||     6
         Leather armour    |       |    10 ||    10
  Dodge: Dodged            |    13 |    17 ||    30
